 Dungeon Crawl Stone Soup version 0.16-a0-3641-g71d4c1b (webtiles) character file.

84 mdk the Skirmisher (level 4, 0/35 HPs)
             Began as a Demonspawn Gladiator on Jan 29, 2015.
             Killed from afar by Natasha (10 damage)
             ... with a wand of flame
             ... on level 4 of the Dungeon.
             The game lasted 00:02:57 (2430 turns).

mdk the Skirmisher (Demonspawn Gladiator)           Turns: 2430, Time: 00:02:58

Health: 0/35       AC:  9    Str: 15    XL:     4   Next: 23%
Magic:  4/4        EV: 11    Int:  9    God:
Gold:   169        SH:  0    Dex: 15    Spells: 0 memorised, 3 levels left

rFire  . . .     SeeInvis .     a - +0 quarterstaff
rCold  . . .     Clarity  .     j - +0 ring mail
rNeg   . . .     SustAb   .     (no shield)
rPois  .         Gourm    .     c - +1 helmet
rElec  .         Spirit   .     (no cloak)
rCorr  .         Warding  .     (no gloves)
rMut   .         Stasis   .     (no boots)
MR     .....                    (no amulet)
Stlth  ..........               (no ring)
                                v - ring of loudness (curse)

@: confused, not resistant to hostile enchantments, extremely unstealthy
A: large bone plates 1
a: no special abilities


You were on level 4 of the Dungeon.
You were hungry.

You visited 1 branch of the dungeon, and saw 4 of its levels.

You collected 169 gold pieces.

Inventory:

Hand weapons
 a - a +0 quarterstaff (weapon)
Missiles
 d - 3 throwing nets (quivered)
Armour
 c - a +1 helmet (worn)
 j - a +0 ring mail (worn)
Jewellery
 p - an uncursed ring of ice
 v - a cursed ring of loudness (left hand)
Scrolls
 h - 3 scrolls of enchant armour
 l - 2 scrolls of recharging {unknown}
 m - a scroll of teleportation {unknown}
 o - a scroll of remove curse {unknown}
 u - a scroll of immolation {unknown}
Potions
 b - 2 potions of cancellation
 e - a potion of lignification
 i - a potion of invisibility
 k - a potion of might
 n - 2 potions of brilliance {unknown}
 r - a potion of haste {unknown}
 s - a potion of mutation {unknown}
 t - a potion of beneficial mutation {unknown}
Comestibles
 f - 3 bread rations
 g - 6 fruits
 q - 3 meat rations


   Skills:
 * Level 3.4 Fighting
 * Level 3.3 Staves
 - Level 1.7 Throwing
 + Level 1.4 Armour
 - Level 2.6 Dodging


You had 3 spell levels left.
You didn't know any spells.

Dungeon Overview and Level Annotations

Branches:
Dungeon (4/15)
 Temple: D:4-7

Altars:
Dithmenos
Okawaru
Qazlal
Sif Muna
Trog
Vehumet
The Shining One

Annotations:
D:4 Natasha


Innate Abilities, Weirdness & Mutations

You are partially covered in large bone plates (AC +2, SH +2).


Message History

You hit Natasha.
Natasha is almost dead.
You are engulfed in noxious fumes.
You choke on the stench!
You are confused.
The iron imp closely misses you.
Natasha zaps a wand.
The puff of flame misses you.
You hit Natasha.
Natasha is almost dead.
You are engulfed in noxious fumes.
You choke on the stench!
You are more confused.
The iron imp hits you.
* * * LOW HITPOINT WARNING * * *
Natasha zaps a wand.
The puff of flame misses you.
You barely miss Natasha.
Natasha is almost dead.
You are engulfed in noxious fumes.
You choke on the stench!
You are more confused.
* * * LOW HITPOINT WARNING * * *
Natasha zaps a wand.
The puff of flame hits you!
You die...

###...# ......### ###
#......# # ...##
#>.....#### #..#
#........##
#.#####....##.#.
#####...###....##...
#..............###..
#?h@§.....####..###.
#.§5§......####..##.
#)....>..!.[.....###
............#####..###
###.........# #...#.
#..##.###.# #.... ...
#.# #.# #.##. ...# #.#
..# .. #. ..# .## ..
....


You could see an iron imp and Natasha.

Vanquished Creatures
  2 adders (D:2)
  A giant gecko (D:2)
  An ooze (D:2)
  8 orcs
  4 goblins
  8 hobgoblins
  6 jackals
  5 kobolds
  A quokka (D:2)
  A bat (D:3)
  A giant cockroach (D:1)
  A giant gecko zombie (D:3)
  12 giant newts
  6 rats
57 creatures vanquished.

Notes
Turn   | Place    | Note
--------------------------------------------------------------
     0 | D:1      | mdk, the Demonspawn Gladiator, began the quest for the Orb.
     0 | D:1      | Reached XP level 1. HP: 16/16 MP: 1/1
   192 | D:1      | Gained mutation: You are partially covered in large bone plates (AC +2, SH +2). [demonic ancestry]
   192 | D:1      | Reached XP level 2. HP: 12/23 MP: 2/2
   450 | D:1      | Reached skill level 3 in Staves
   950 | D:2      | Reached skill level 1 in Armour
   950 | D:2      | Reached XP level 3. HP: 23/28 MP: 3/3
  1867 | D:3      | Reached XP level 4. HP: 27/35 MP: 4/4
  2170 | D:3      | Found a bloodstained altar of Trog.
  2171 | D:3      | Found a shadowy altar of Dithmenos.
  2171 | D:3      | Found a deep blue altar of Sif Muna.
  2174 | D:3      | Found a radiant altar of Vehumet.
  2272 | D:3      | Found a stormy altar of Qazlal.
  2316 | D:3      | Found an iron altar of Okawaru.
  2316 | D:3      | Found a glowing golden altar of the Shining One.
  2418 | D:4      | Noticed Natasha
  2430 | D:4      | Killed from afar by Natasha

Action                   |  1- 3 |  4- 6 || total
-------------------------+-------+-------++-------
Melee: Quarterstaff      |   140 |    39 ||   179
  Use: Scroll            |     2 |     3 ||     5
  Eat: Chunk             |     3 |     1 ||     4
